AoeStats
← turcoocacn

Migration

506850718Analyzed
1v1 RM · 15d ago on Sep 15, 2026· 45m 58s· 2 players
Game mode
Random Map
Map size
132×132
Population
200
Speed
Normal
Resources
Standard
Victory
Conquest
Starting age
Dark Age
Ending age
Imperial Age
RankedLock teamsTeams togetherTeam positionsShared explorationLock speedFull tech treeHidden civsTurbo modeCheats
Victory
Defeat
🇩🇰 Jurchens · Denmark
661
+19
🇦🇷 Britons · Argentina
726
-35
BechAnovic
6:10 Loom
12:52 Feudal Age
13:29 Fishing Lines
13:38 Double-Bit Axe
13:39 Horse Collar
19:59 Wheelbarrow
19:10 Town Watch
25:29 Castle Age
24:04 Forging
23:55 Scale Mail Armor
24:03 Scale Barding Armor
27:04 Elite Skirmisher
30:52 Fortified Bastions
31:51 Gold Mining
31:52 Stone Mining
32:20 Husbandry
38:01 Treadmill Crane
38:42 Ballistics
44:13 Hand Cart
turcoocacn
9:41 Loom
12:36 Feudal Age
15:29 Wheelbarrow
14:43 Double-Bit Axe
18:50 Castle Age
19:05 Stone Mining
19:05 Gold Mining
20:15 Hand Cart
20:18 Fletching
20:29 Padded Archer Armor
21:45 Bow Saw
22:07 Forging
25:07 Crossbowman
27:01 Medium Warships
29:12 Treadmill Crane
35:22 Bodkin Arrow
36:17 Ballistics
Connection lost

Rejoining the realm…

Still unreachable

The connection could not be restored.

Session expired

The server has moved on; the page needs a fresh start.